 Dungeon Crawl Stone Soup version 0.30.0-30-g96aa6591b8 (webtiles) character file.

Game seed: 15415593761783532753

4048 cheesebisquit the Fighter (level 10, -1/80 HPs)
             Began as a Djinni Venom Mage on June 27, 2023.
             Was a Priest of Makhleb.
             Slain by a troll (2 damage)
             ... on level 8 of the Dungeon.
             The game lasted 00:43:47 (10409 turns).

cheesebisquit the Fighter (Djinni Venom Mage)      Turns: 10409, Time: 00:43:48

Health: -1/80      AC: 12    Str:  7    XL:     10   Next: 48%
Gold:   27         EV: 11    Int: 20    God:    Makhleb [***...] SH:  0 Dex: 15

rFire   + + .        (no weapon)
rCold   x . .        (no shield)
rNeg    . . .        x - +2 troll leather armour
rPois   ∞            (no helmet)
rElec   .            l - +2 cloak
rCorr   .            i - +2 pair of gloves
SInv    .            (boots unavailable)
Will    +....        (no amulet)
Stlth   ++           (no ring)
HPRegen 1.13/turn    (no ring)
MPRegen 0.00/turn

%: infuse magic (-2 HP)
@: flying
A: sickness immunity, fire resistance 2, cold vulnerability 1, float, innate
caster, HP casting, extra vitality 1
a: Renounce Religion, Minor Destruction, Lesser Servant of Makhleb


You were on level 8 of the Dungeon.
You worshipped Makhleb.
Makhleb was most pleased with you.
You visited 2 branches of the dungeon, and saw 10 of its levels.
You also visited: Sewer.

You collected 276 gold pieces.
You spent 249 gold pieces at shops.

Inventory:

Missiles
 k - a throwing net
Armour
 c - an orb of mayhem
 i - a +2 pair of gloves (worn)
 l - a +2 cloak (worn)
 r - +0 acid dragon scales
 x - a +2 troll leather armour (worn)
Scrolls
 f - 4 scrolls of teleportation
 g - 2 scrolls of silence
 h - a scroll of torment
 j - a scroll of fear {unknown}
 m - 3 scrolls of magic mapping
 p - 6 scrolls of poison
 s - a scroll of immolation
 u - a scroll of blinking {unknown}
 v - 2 scrolls of enchant weapon
 w - 2 scrolls of amnesia
 y - a scroll of brand weapon
Potions
 a - a potion of resistance
 b - 4 potions of mutation
 d - 3 potions of curing
 e - 2 potions of lignification
 o - 4 potions of might
 q - a potion of attraction
 t - 2 potions of haste


   Skills:
 + Level 10.2 Fighting
 - Level 2.1 Dodging
 - Level 1.5 Stealth
 + Level 8.3 Spellcasting


You knew the following spells:

 Your Spells              Type           Power      Damage    Failure   Level
a - Sting                 Tmut/Pois      100%       1d8       1%          1
b - Poisonous Vapours     Pois/Air       82%        N/A       1%          2
c - Mephitic Cloud        Conj/Pois/Air  41%        N/A       1%          3
d - Olgreb's Toxic Radia  Pois           41%        N/A       4%          4
e - Sandblast             Erth           82%        2d17      1%          1
f - Wereblood             Tmut           41%        N/A       1%          2
g - Swiftness             Air            41%        N/A       1%          3
h - Passage of Golubria   Tloc           41%        N/A       4%          4
Your spell library was empty.

Dungeon Overview and Level Annotations

Branches:
Dungeon (9/15)             Temple (1/1) D:5           Sewer (visited)
   Lair: D:8-11         Orc: D:9-12

Altars:
Ashenzari
Cheibriados
Dithmenos
Fedhas
Hepliaklqana
Makhleb
Nemelex Xobeh
Okawaru
Qazlal
Ru
Trog
Uskayaw
Wu Jian
Xom
Yredelemnul
Zin
The Shining One

Shops:
D:5 (((([   D:6 !

Annotations:
D:6 1 runed translucent door, Mig's ghost, novice TrMo


Innate Abilities, Weirdness & Mutations

You are immune to sickness and miasma.
You are immune to poison.
Your flesh is very heat resistant. (rF++)
You are vulnerable to cold. (rC-)
You float through the air rather than walking.
You learn spells naturally, not from books.
Your magical power is your life essence.
You have superior vitality. (+4 MHP)


Message History

The troll looks as sick as possible!
The troll is severely wounded.
The troll bites you! The troll barely misses you. x2
The troll attacks as you move away! The troll bites you but does no damage.
The troll closely misses you. The troll claws you but does no damage.
Aiming: Sting (safe; 1% risk of failure)
Press: ? - help, Q - select action, (/) - cycle Shift-Dir - straight line, f/p - troll
Aim: a troll (severely wounded, very poisoned, 78% to hit)
The sting hits the troll but does no damage.
The troll looks as sick as possible!
The troll is severely wounded.
The troll bites you but does no damage. The troll closely misses you.
The troll misses you. The troll attacks as you move away!
The troll barely misses you. The troll claws you but does no damage.
The troll claws you!
* * * LOW HITPOINT WARNING * * *
The troll attacks as you move away! The troll bites you. The troll claws you.
* * * LOW HITPOINT WARNING * * *
The troll closely misses you. The troll attacks as you move away!
The troll closely misses you. The troll claws you!
* * * LOW HITPOINT WARNING * * *
The troll barely misses you. The troll attacks as you move away!
The troll bites you.
* * * LOW HITPOINT WARNING * * *
The troll misses you. The troll claws you!
* * * LOW HITPOINT WARNING * * *
You feel better. The troll bites you but does no damage.
The troll claws you but does no damage. The troll claws you.
* * * LOW HITPOINT WARNING * * *
You feel better. The troll bites you!
* * * LOW HITPOINT WARNING * * *
The troll claws you.
* * * LOW HITPOINT WARNING * * *
The troll claws you.
* * * LOW HITPOINT WARNING * * *
You feel better. The troll bites you!
* * * LOW HITPOINT WARNING * * *
The troll claws you.
You die...

......P♣♣.P.♣♣P......##......~~~~
..#.....PP♣♣...........##.#......
.......................<..##.....
............................#..##
......##..#...........#.......##
..........##...............####
....##...........<.......###.##
....)#.....#.#............##..##
...........###.T@..............#
...........................#.###
.##........###.####...##..##.#
.##......<......# ##......####
..##....###.##.#####.##......#
..##.....#.###..#.#..##......#
###..................###....##
##..................###...#.#
.....................###...##


You could see a troll (very poisoned).

Vanquished Creatures
  A two-headed ogre (D:8)
  A troll (D:7)
  2 hornets
  A slime creature (D:8)
  A wyvern (D:8)
  A yak (D:8)
  An acid dragon (D:7)
  A water moccasin (D:5)
  A sky beast (D:6)
  3 black bears (D:6)
  2 centaurs
  2 ogres (D:6)
  A kobold brigand (D:8)
  3 bullfrogs (D:8)
  4 scorpions
  2 wights (D:8)
  A killer bee (D:8)
  An electric eel (D:8)
  2 jellies
  7 hounds
  An orc priest (D:5)
  A sleepcap (D:5)
  2 iguanas
  5 orc wizards
  18 adders
  6 river rats (Sewer)
  A white imp (D:5)
  An ufetubus (D:4)
  2 worms (D:4)
  A dart slug (D:1)
  26 orcs
  8 ball pythons
  7 bats
  6 endoplasms
  5 giant cockroaches
  6 goblins
  4 hobgoblins (D:1)
  8 jackals
  7 kobolds
  4 quokkas
  7 frilled lizards
  14 rats
178 creatures vanquished.

Notes
Turn   | Place    | Note
-------+----------+-------------------------------------------
     0 | D:1      | cheesebisquit the Djinni Venom Mage began the quest for the
                  | Orb.
     0 | D:1      | cheesebisquit set off with the following spells memorised:
                  | Sting, Poisonous Vapours, Mephitic Cloud, Olgreb's Toxic
                  | Radiance.
     0 | D:1      | Reached XP level 1. HP: 15/15 MP: 0/0
   126 | D:1      | Reached XP level 2. HP: 17/22 MP: 0/0
   162 | D:1      | Reached skill level 1 in Fighting
   501 | D:1      | Reached XP level 3. HP: 17/27 MP: 0/0
   501 | D:1      | Learned a level 1 spell: Sandblast
   927 | D:1      | Reached skill level 2 in Fighting
  1039 | D:2      | Reached XP level 4. HP: 24/33 MP: 0/0
  1899 | D:3      | Reached XP level 5. HP: 36/40 MP: 0/0
  1899 | D:3      | Learned a level 2 spell: Wereblood
  2298 | D:3      | Found a burning altar of Makhleb.
  2298 | D:3      | Noticed a green death
  2301 | D:3      | Noticed a neqoxec
  2301 | D:3      | Noticed a ynoxinul
  2303 | D:3      | Became a worshipper of Makhleb the Destroyer
  2550 | D:3      | Reached skill level 3 in Fighting
  2828 | D:4      | Found a glowing drain.
  2907 | Sewer    | Entered a sewer
  3041 | Sewer    | Reached XP level 6. HP: 44/46 MP: 0/0
  3183 | Sewer    | Reached * piety under Makhleb
  4203 | D:4      | Reached skill level 4 in Fighting
  4547 | D:4      | Reached XP level 7. HP: 39/53 MP: 0/0
  4547 | D:4      | Learned a level 3 spell: Swiftness
  4935 | D:5      | Entered Level 5 of the Dungeon
  4999 | D:5      | Found Sohat's Antique Weapon Shop.
  5004 | D:5      | Reached skill level 5 in Fighting
  5065 | D:5      | Found Kunys's Armour Shop.
  5066 | D:5      | Found Panir's Weapon Shop.
  5107 | D:5      | Found Qutievuf's Weapon Shop.
  5196 | D:5      | Noticed a +0 lajatang
  5197 | D:5      | Found Sicazab's Weapon Shop.
  5199 | D:5      | Noticed a +0 rapier
  5404 | D:5      | Reached ** piety under Makhleb
  5420 | D:5      | Reached skill level 5 in Spellcasting
  5434 | D:5      | Reached XP level 8. HP: 21/60 MP: 0/0
  5949 | D:5      | Found a staircase to the Ecumenical Temple.
  5956 | Temple   | Entered the Ecumenical Temple
  6144 | D:5      | Reached skill level 6 in Fighting
  6236 | D:5      | Found a glowing silver altar of Zin.
  6487 | D:6      | Noticed Mig's ghost (novice TrMo)
  6539 | D:6      | Found a runed translucent door.
  6906 | D:6      | Reached skill level 7 in Fighting
  6966 | D:6      | Found Foroj's Tremendous Tomes.
  7066 | D:6      | Reached XP level 9. HP: 62/68 MP: 0/0
  7066 | D:6      | Learned a level 4 spell: Passage of Golubria
  7147 | D:6      | Found Noih's Distillery.
  7163 | D:6      | Found a bloodstained altar of Trog.
  7674 | D:5      | Bought a +0 troll leather armour for 210 gold pieces
  8413 | D:7      | Noticed a troll
  8417 | D:7      | Reached skill level 8 in Fighting
  8440 | D:7      | Killed a troll
  9194 | D:8      | Noticed a hornet
  9200 | D:8      | Killed a hornet
  9351 | D:6      | Bought a potion of attraction for 39 gold pieces
  9439 | D:8      | Noticed a gargoyle
  9556 | D:8      | Found a stormy altar of Qazlal.
  9556 | D:8      | Found a glowing golden altar of the Shining One.
  9630 | D:8      | HP: 1/71 [gargoyle/+0 morningstar (6)]
  9972 | D:8      | Noticed a two-headed ogre
 10008 | D:8      | Killed a two-headed ogre
 10009 | D:8      | Reached skill level 9 in Fighting
 10009 | D:8      | Reached XP level 10. HP: 49/78 MP: 0/0
 10079 | D:8      | Reached *** piety under Makhleb
 10155 | D:8      | Reached skill level 10 in Fighting
 10409 | D:8      | HP: 1/80 [troll (12)]
 10409 | D:8      | Slain by a troll

Illustrated notes

Levels and vault maps discovered:
D:1:      giann_horns, layout_loops_ring,
          nicolae_concentric_dashed_squares_mild, minmay_tetromino_s2
D:2:      layout_rooms, kennysheep_small_spiral, patterned_corridor
D:3:      layout_basic, makhleb_altar_promises_db
D:4:      layout_layer_cave, kennysheep_little_box, portal_sewer_entry_c
D:5:      layout_basic, kennysheep_mini, minmay_temple_entry_wispy,
          serial_shops, nicolae_shop_mannequins, grunt_ministairs_5,
          minmay_shop_grid_forest
D:6:      layout_cave_pools, trog_ov_bears_minmay,
          hellmonk_ghost_happy_afterlife, serial_shops,
          nicolae_shop_getting_attention, nicolae_shop_i_like_big_books
D:7:      minmay_cornered_nines, layout_layer_cave
D:8:      cheibrodos_barr_body, layout_cave_pools,
          gammafunk_temple_overflow_wave, serial_park, serial_park_square1
          [serial_park_minivault_5x5_2], serial_park_tiny_pond,
          serial_park_tiny_1, serial_park_tiny_pond
D:9:      layout_loops_ring, nicolae_elyvilon_temple_path, lemuel_crystal_altar,
          lair_entry_dummy, zombieorc2_lemuel, serial_shops,
          nicolae_shop_temple_entry_statues_fountains
Temple:   nicolae_temple_ecumenical_triangle

Skill      XL: |  1  2  3  4  5  6  7  8  9 10 |
---------------+-------------------------------+-----
Fighting       | 1 2 3 4 5 7 9 10 | 10.2
Spellcasting   | 3 4 5 6 7 8 |  8.3
Dodging        | |  2.1
Stealth        | |  1.5

Action                     |  1- 3 |  4- 6 |  7- 9 | 10-12 || total
---------------------------+-------+-------+-------+-------++-------
   Cast: Sting             |    58 |   149 |   146 |    57 ||   410
         Poisonous Vapours |    15 |    64 |   118 |    22 ||   219
         Mephitic Cloud    |     1 |     2 |     3 |       ||     6
         Swiftness         |       |       |     5 |     2 ||     7
         Olgreb's Toxic Ra |       |       |     2 |     2 ||     4
         Passage of Golubr |       |       |     1 |       ||     1
    Use: Scroll            |       |    10 |    11 |     3 ||    24
         Potion            |       |       |     2 |     3 ||     5
 Armour: Robe              |     6 |    23 |    19 |       ||    48
         Troll leather arm |       |       |    10 |    27 ||    37
  Dodge: Dodged            |    19 |    37 |    81 |    49 ||   186
